 Dungeon Crawl Stone Soup version 0.28.0 (webtiles) character file.

Game seed: 16854622077274214995

42 Hasart the Skirmisher (level 3, -1/30 HPs)
             Began as a Demigod Fighter on Feb 16, 2022.
             Killed by nerve-wracking pain
             ... invoked by Grinder
              (10 damage)
             ... on level 3 of the Dungeon.
             The game lasted 00:04:04 (1044 turns).

Hasart the Skirmisher (Demigod Fighter)             Turns: 1044, Time: 00:04:05

Health: -1/30      AC:  6    Str: 17    XL:     3   Next: 17%
Magic:  5/5        EV:  9    Int: 14    God:
Gold:   17         SH:  4    Dex: 13    Spells: 2/2 levels left

rFire   . . .      SeeInvis .   a - +0 war axe
rCold   . . .      Faith    .   c - +0 buckler
rNeg    . . .      Spirit   .   b - +0 scale mail
rPois   .          Reflect  .   (no helmet)
rElec   .          Harm     .   (no cloak)
rCorr   .          Rampage  .   (no gloves)
Will    .....                   (no boots)
Stlth   ..........              (no amulet)
HPRegen 0.10/turn               (no ring)
MPRegen 0.09/turn               (no ring)

@: no status effects
A: high MP 1, forlorn, divine attributes
a: no special abilities


You were on level 3 of the Dungeon.
You visited 1 branch of the dungeon, and saw 3 of its levels.

You collected 17 gold pieces.

Inventory:

Hand Weapons
 a - a +0 war axe (weapon)
Missiles
 f - 5 curare-tipped darts (quivered)
Armour
 b - a +0 scale mail (worn)
 c - a +0 buckler (worn)
Scrolls
 e - a scroll of magic mapping {unknown}
 g - a scroll of immolation {unknown}
 j - a scroll of silence {unknown}
 l - a scroll of enchant armour {unknown}
Potions
 d - 2 potions of might
 h - a potion of magic {unknown}
 i - a potion of lignification {unknown}
 k - a potion of flight {unknown}
 m - a potion of degeneration {unknown}
 n - a potion of heal wounds {unknown}


   Skills:
 + Level 2.9 Fighting
 * Level 2.4 Axes
 + Level 0.3 Throwing
 + Level 2.9 Armour
 + Level 0.7 Dodging
 + Level 2.9 Shields


You had 2 spell levels left.
You didn't know any spells.
Your spell library was empty.

Dungeon Overview and Level Annotations

Branches:
Dungeon (2/15)

Annotations:
D:3 Grinder


Innate Abilities, Weirdness & Mutations

You have an increased reservoir of magic. (+10% MP)
You shall have no god before yourself.
Your divine heritage dramatically boosts your attributes as you level up.


Message History

Unknown command.
You are too injured to fight recklessly!
Grinder gestures at you.
You barely resist.
Unknown command.
You slash Grinder!
Grinder is heavily wounded.
You block Grinder's attack.
You hit Grinder.
Grinder is heavily wounded.
Grinder closely misses you.
Grinder blinks!
Unknown command.
Grinder blinks!
Grinder blinks!
Grinder drinks a potion.
Grinder is healed!
You closely miss Grinder.
Grinder is moderately wounded.
Grinder misses you.
You hit Grinder but do no damage.
Grinder is moderately wounded.
Grinder hits you but does no damage. Grinder gestures at you.
Pain shoots through your body!
You hit Grinder but do no damage.
Grinder is moderately wounded.
Grinder closely misses you.
You closely miss Grinder.
Grinder is moderately wounded.
Grinder hits you.
* * * LOW HITPOINT WARNING * * *
You barely miss Grinder.
Grinder is moderately wounded.
You block Grinder's attack. Grinder gestures at you.
You barely resist. You hit Grinder.
Grinder is moderately wounded.
Grinder gestures at you. Pain shoots through your body!
You die...

### ..# ###.#####
#.......# #.......#
#...5...#
#######..@....#
..............#
..............#
#...............#
##...............#
#.........##'#######
+...................
##........###.#[#####
........## #..#.#


You could see Grinder.

Vanquished Creatures
  2 dart slugs
  An orc (D:3)
  4 bats
  4 endoplasms (D:1)
  2 giant cockroaches (D:1)
  3 goblins
  3 hobgoblins
  4 kobolds
  2 quokkas
  4 ball pythons
  A frilled lizard (D:1)
  2 rats (D:1)
32 creatures vanquished.

Notes
Turn   | Place    | Note
-------+----------+-------------------------------------------
     0 | D:1      | Hasart the Demigod Fighter began the quest for the Orb.
     0 | D:1      | Reached XP level 1. HP: 18/18 MP: 3/3
   115 | D:1      | Reached XP level 2. HP: 25/25 MP: 4/4
   894 | D:2      | Reached XP level 3. HP: 30/30 MP: 5/5
   899 | D:2      | You fall into a shaft and drop 1 floor!
  1021 | D:3      | Noticed Grinder
  1023 | D:3      | Paralysed by Grinder for 4 turns
  1044 | D:3      | Killed from afar by Grinder

Illustrated notes

Levels and vault maps discovered:
D:1:      lightli_iron_boxes, layout_basic
D:2:      layout_rooms, nicolae_ecumenical_oubliette, basic_altar,
          grunt_decor_junction
D:3:      layout_basic, uniq_grinder

Skill      XL: |  1 |
---------------+----+-----
Axes           | 2 |  2.4
Fighting       | |  2.9
Throwing       | |  0.3
Armour         | |  2.9
Dodging        | |  0.7
Shields        | |  2.9

Action                   || total
-------------------------++-------
Melee: War axe           ||    81
Armor: Scale mail        ||    40
Dodge: Dodged            ||    37
Block: Buckler           ||    21
